 Dungeon Crawl Stone Soup version 0.32-a0-814-g0968bab (webtiles) character file.

Game seed: 13189415060820040917

11 Meow the Conjurer (level 2, 22/22 HPs)
             Began as a Naga Conjurer on Mar 22, 2024.
             Quit the game on level 1 of the Dungeon.
             The game lasted 00:01:58 (416 turns).

Meow the Conjurer (Naga Conjurer)                    Turns: 416, Time: 00:01:59

Health: 22/22      AC:  1    Str:  9    XL:     2   Next: 29%
Magic:  5/5        EV:  8    Int: 18    God:
Gold:   34         SH:  0    Dex:  9    Spells: 4/5 levels left

rFire   . . .        a - +0 sling
rCold   . . .        (no shield)
rNeg    . . .        c - +0 robe
rPois   +            (no helmet)
rElec   .            (no cloak)
rCorr   .            (no gloves)
SInv    +            (no barding)
Will    .....        (no amulet)
Stlth   ++           (no ring)
HPRegen 0.23/turn    (no ring)
MPRegen 0.09/turn

%: no passive effects
@: very slow
A: AC +0, large, see invisible, deformed body, poison resistance, slowness 2,
spit poison 1, naga tail 1
a: Spit Poison


You were on level 1 of the Dungeon.
You visited 1 branch of the dungeon, and saw 1 of its levels.

You collected 34 gold pieces.

Inventory:

Hand Weapons
 a - a +0 sling (weapon)
Armour
 c - a +0 robe (worn)
Scrolls
 d - a scroll of amnesia {unknown}
 e - a scroll of noise {unknown}
 f - a scroll of revelation {unknown}
Potions
 b - a potion of magic


   Skills:
 - Level 1.5 Dodging
 - Level 3.0 Stealth
 + Level 2.4 Spellcasting
 + Level 4.2 Conjurations


You had 4 spell levels left.
You knew the following spells:

 Your Spells              Type           Power      Damage    Failure   Level
a - Magic Dart            Conj           68%        1d6       3%          1

Your spell library contained the following spells:

 Spells                   Type           Power      Damage    Failure   Level
 Searing Ray              Conj           34%        2d5       4%          2
 Fulminant Prism          Conj/Alch      4%         3d5       58%         4
 Iskenderun's Mystic Bla  Conj/Tloc      9%         2d4       58%         4


Dungeon Overview and Level Annotations

Branches:
Dungeon (1/15)

Altars:


Innate Abilities, Weirdness & Mutations

Your serpentine skin is tough. (AC +0)
You have supernaturally acute eyesight. (SInv)
Armour fits poorly on your strangely shaped body.
Your system is resistant to poisons. (rPois)
You cover ground very slowly.
You can spit poison.
You have a snake-like lower body.


Message History

An endoplasm comes into view.
Found 11 gold pieces.
An endoplasm is nearby!
An endoplasm is nearby!
Okay, then.
Casting: Magic Dart (safe; 3% risk of failure)
Confirm with . or Enter, or press ? or * to list all spells.
Aiming: Magic Dart (safe; 3% risk of failure)
Press: ? - help, Shift-Dir - straight line, f - endoplasm
Aim: an endoplasm (asleep, 100% to hit)
The magic dart hits the endoplasm.
The endoplasm is severely wounded.
The endoplasm quivers.
Casting: Magic Dart (safe; 3% risk of failure)
Confirm with . or Enter, or press ? or * to list all spells.
Aiming: Magic Dart (safe; 3% risk of failure)
Press: ? - help, Shift-Dir - straight line, f/p - endoplasm
Aim: an endoplasm (severely wounded, 100% to hit)
The magic dart hits the endoplasm.
You kill the endoplasm!
A frilled lizard comes into view.
You see here a scroll labelled NEM XYOQEFO.
A frilled lizard is nearby!
Fire: a) +0 sling
Press: ? - help, Q - select action, (/) - cycle Shift-Dir - straight line, f - frilled lizard
Aim: a frilled lizard (asleep, 98% to hit)
You shoot a sling bullet.
The sling bullet hits the frilled lizard.
You kill the frilled lizard!
You start resting.
Magic restored.
f - a scroll labelled NEM XYOQEFO You now have 27 gold pieces (gained 11).
You now have 34 gold pieces (gained 7).
A rat, an endoplasm and a bat come into view.
Casting: Magic Dart (safe; 3% risk of failure)
Confirm with . or Enter, or press ? or * to list all spells.
You don't know that spell.
Okay, then.
Are you sure you want to abandon this character and quit the game? (Confirm with "yes".)

# #.##............
#.##.##............
#..................
####....#.###..####
#...........# #
#..######...# ##.##
...### # ##.## #...
# #@## #....
#..rJb##.##.#
#.######.. .. #.. #
## #


You could see an endoplasm (asleep), a bat (asleep) and a rat (asleep).

Vanquished Creatures
  An endoplasm (D:1)
  2 giant cockroaches (D:1)
  A goblin (D:1)
  A hobgoblin (D:1)
  A quokka (D:1)
  A ball python (D:1)
  A bat (D:1)
  A frilled lizard (D:1)
  2 rats (D:1)
11 creatures vanquished.

Notes
Turn   | Place    | Note
-------+----------+-------------------------------------------
     0 | D:1      | Meow the Naga Conjurer began the quest for the Orb.
     0 | D:1      | Reached XP level 1. HP: 15/15 MP: 3/3
   255 | D:1      | Reached XP level 2. HP: 22/22 MP: 5/5
   416 | D:1      | Quit the game

Illustrated notes

Levels and vault maps discovered:
D:1:      reono_arrival_mine, layout_loops_cross, minmay_cut_off

Action                     || total
---------------------------++-------
   Fire: Sling             ||     8
   Cast: Magic Dart        ||     9
Ability: Spit Poison       ||     6
 Armour: Robe              ||     2
  Dodge: Dodged            ||     1

Table legend: (Time is in decaauts)
 A = Elapsed time spent in this place.
 B = Non-inter-level travel time spent in this place.
 C = Inter-level travel time spent in this place.
 D = Time resting spent in this place.
 E = Time spent auto-exploring this place.
 F = Levels seen in this place.
 G = Mean time per level.
                   A        B        C        D        E       F      G
               +--------+--------+--------+--------+--------+-----+--------+
         Total |    535 |    535 |      0 |     91 |    380 |   1 |  535.0 |
       Dungeon |    535 |    535 |      0 |     91 |    380 |   1 |  535.0 |
               +--------+--------+--------+--------+--------+-----+--------+

Top non-repeatable levels by time:
     D:1: 535 daAuts
